 Dungeon Crawl Stone Soup version 0.25.0-26-g0c896c7088 (webtiles) character file.

Game seed: 11367875831717860599

872 Exodus22XD the Archer (level 7, -6/57 HPs)
             Began as a Centaur Hunter on July 4, 2020.
             Mangled by a wyvern skeleton (12 damage)
             ... on level 6 of the Dungeon.
             The game lasted 00:08:22 (5558 turns).

Exodus22XD the Archer (Centaur Hunter)              Turns: 5558, Time: 00:08:22

Health: -6/57      AC:  7    Str: 16    XL:     7   Next: 74%
Magic:  7/7        EV:  9    Int: 10    God:
Gold:   362        SH:  0    Dex: 16    Spells: 6/6 levels left

rFire    . . .     SeeInvis .   a - +1 shortbow
rCold    . . .     Gourm    .   (shield currently unavailable)
rNeg     . . .     Faith    .   i - +0 ring mail
rPois    .         Spirit   .   (no helmet)
rElec    .         Reflect  .   (no cloak)
rCorr    .         Harm     .   v - +0 pair of gloves
MR       .....                  (no barding)
Stlth    ..........             (no amulet)
HPRegen  0.19/turn              x - +6 ring of dexterity
MPRegen  0.10/turn              n - ring of flight

@: mighty, lightly drained, very quick
A: large, hooves 3, deformed body, speed 2, tough skin 3
a: Evoke Flight


You were on level 6 of the Dungeon.
You were not hungry.

You visited 2 branches of the dungeon, and saw 7 of its levels.
You also visited: Ossuary.

You collected 362 gold pieces.

Inventory:

Hand Weapons
 a - a +1 shortbow (weapon)
 e - a +4 mace of protection
 t - a +1 short sword of speed
 w - a +1 whip of holy wrath
Missiles
 d - 77 arrows (quivered)
Armour
 i - a +0 ring mail (worn)
 v - a +0 pair of gloves (worn)
Jewellery
 n - a ring of flight (right hand)
 x - a +6 ring of dexterity (left hand)
Scrolls
 g - 3 scrolls of teleportation
 h - 2 scrolls of immolation
 l - 2 scrolls of fog
 m - 5 scrolls of remove curse
 o - a scroll of enchant armour
 p - a scroll of noise {unknown}
 y - a scroll of enchant weapon {unknown}
 E - a scroll of random uselessness {unknown}
 F - a scroll of magic mapping
Potions
 b - a potion of heal wounds {unknown}
 j - a potion of curing
 k - 2 potions of degeneration {unknown}
 q - 3 potions of mutation
 r - 2 potions of might
 s - 3 potions of haste {unknown}
 u - a potion of lignification {unknown}
 z - 4 potions of flight
 A - 2 potions of cancellation {unknown}
 B - a potion of berserk rage {unknown}
 C - a potion of ambrosia {unknown}
Comestibles
 f - 13 rations


   Skills:
 + Level 3.2(3.0) Fighting
 - Level 2.4(2.2) Maces & Flails
 * Level 8.0(7.8) Bows
 * Level 4.1(3.9) Armour
 + Level 2.5(2.4) Dodging
 - Level 0.4(0.2) Stealth


You had 6 spell levels left.
You didn't know any spells.
Your spell library was empty.

Dungeon Overview and Level Annotations

Branches:
Dungeon (6/15)             Temple (1/1) D:5         Ossuary (visited)

Altars:
Dithmenos
Elyvilon
Gozag
Kikubaaqudgha
Nemelex Xobeh
Qazlal
Sif Muna
Trog
Uskayaw
Vehumet
Xom
The Shining One

Shops:
D:6 (


Innate Abilities, Weirdness & Mutations

You have hooves in place of feet.
Armour fits poorly on your strangely shaped body.
You cover ground very quickly.
You have extremely tough skin. (AC +3)


Message History

Found a club.
There is an open door here.
You see here a club.
Firing (i - inventory)
d - 79 arrows (quivered)
Press: ? - help, Shift-Dir - straight line, f/p - wight
Aim: a wight, wielding a +0 spear, wearing a +0 robe and wearing a +0 buckler You shoot an arrow.
The arrow closely misses the hound.
The arrow hits the wight but does no damage.
The hound closely misses you. The hound bites you.
* * * LOW HITPOINT WARNING * * *
Firing (i - inventory)
d - 78 arrows (quivered)
Press: ? - help, Shift-Dir - straight line, f/p - wight
Aim: a wight, wielding a +0 spear, wearing a +0 robe and wearing a +0 buckler You shoot an arrow.
The arrow hits the hound!
You kill the hound!
A quasit comes into view.
The quasit gives a chilling moan.
The wyvern skeleton bites you!
You die...

...#....##z.⌠........
..†.z.z?...∩............
h.z.z#####⌠.⌠........... .#####
####........... h########
######.(....
(...(..z##########....######
>.......(hz)z(........5.....
..!.....####.z..Z...###....######
######### #....@...# #..........
#........# #....o.....
#........###z..Z.o?<..
#...............o.....
#.....................
#########.............
#............. #######...(...
#.......


You could see 3 wights, a quasit, a jackal and a wyvern skeleton.

Vanquished Creatures
  3 water moccasin zombies
  A scorpion (D:5)
  A howler monkey (D:5)
  A crimson imp (D:5)
  A bullfrog zombie (D:5)
  2 hounds
  3 orc priests
  An iguana (D:6)
  3 worker ants
  3 orc wizards
  3 mummies
  5 adders
  3 gnolls (D:5)
  An ooze (D:1)
  6 adder zombies (Ossuary)
  An adder skeleton (D:4)
  A worm (D:2)
  3 leopard geckos (D:1)
  11 orcs
  A ball python (D:2)
  2 bats
  4 giant cockroaches
  9 goblins
  5 hobgoblins
  A jackal (D:6)
  7 kobolds
  2 quokkas
  5 frilled lizards
  A giant cockroach zombie (D:6)
  A gnoll zombie (Ossuary)
  3 hobgoblin zombies (Ossuary)
  3 kobold zombies (Ossuary)
  3 orc zombies (Ossuary)
  A quokka skeleton (D:4)
  7 rats
108 creatures vanquished.

Notes
Turn   | Place    | Note
-------+----------+-------------------------------------------
     0 | D:1      | Exodus22XD the Centaur Hunter began the quest for the Orb.
     0 | D:1      | Reached XP level 1. HP: 17/17 MP: 1/1
   272 | D:1      | Reached XP level 2. HP: 18/24 MP: 2/2
   475 | D:1      | Reached skill level 6 in Bows
  1105 | D:2      | Reached XP level 3. HP: 15/29 MP: 3/3
  1677 | D:2      | Found a white marble altar of Elyvilon.
  1691 | D:2      | Reached skill level 1 in Armour
  1812 | D:2      | Found an opulent altar of Gozag.
  2333 | D:3      | Reached XP level 4. HP: 36/36 MP: 4/4
  2410 | D:3      | Reached skill level 7 in Bows
  2598 | D:3      | Found a hide-covered altar of Uskayaw.
  2645 | D:3      | Reached XP level 5. HP: 42/42 MP: 5/5
  2823 | D:3      | Found a faded altar of an unknown god.
  3246 | D:4      | Found a sand-covered staircase.
  3256 | Ossuary  | Entered an ossuary
  3578 | Ossuary  | Reached XP level 6. HP: 35/50 MP: 6/6
  3694 | Ossuary  | Reached skill level 1 in Maces & Flails
  4159 | D:4      | Found a shadowy altar of Dithmenos.
  4260 | D:5      | Entered Level 5 of the Dungeon
  4295 | D:5      | Reached XP level 7. HP: 44/56 MP: 7/7
  4623 | D:5      | Found a staircase to the Ecumenical Temple.
  4652 | Temple   | Entered the Ecumenical Temple
  5428 | D:6      | Found Dyg Zoli's Weapon Shop.
  5448 | D:6      | Reached skill level 8 in Bows
  5539 | D:6      | HP: 2/57 [hound (2)]
  5558 | D:6      | Mangled by a wyvern skeleton

Illustrated notes

Levels and vault maps discovered:
D:1:      sevenhm_arrival_forest_fort_large_2, layout_basic
D:2:      layout_basic, nicolae_gozag_cash_rules_everything_around_me,
          first_ration, elyvilon_altar_5
D:3:      layout_loops_ring, overflow_temple_1_default,
          chequers_ecumenical_altar_twisty, minmay_misc_feat_room
D:4:      layout_rooms, nicolae_dithmenos_the_darkroom,
          gup_ossuary_entry_pyramid
D:5:      layout_loops_ring, minmay_temple_entry_sparse_star
D:6:      layout_basic, kennysheep_little_box,
          chequers_temple_overflow_minitemple, serial_shops, shop_fountains,
          uniq_duvessa, uniq_menkaure
Temple:   nicolae_temple_figure_zero

Skill      XL: |  1  2  3  4  5  6  7 |
---------------+----------------------+-----
Bows           | 6 7 8 |  8.0
Armour         | 1 2 3 4 |  4.1
Dodging        | 2 |  2.5
Maces & Flails | 1 2 |  2.4
Fighting       | 3 |  3.2
Stealth        | |  0.4

Action                   |  1- 3 |  4- 6 |  7- 9 || total
-------------------------+-------+-------+-------++-------
Melee: Short sword       |   118 |    39 |       ||   157
       Kick              |    22 |    44 |    23 ||    89
       Whip              |       |    99 |    22 ||   121
       Mace              |       |    22 |    58 ||    80
 Fire: Shortbow          |       |       |    11 ||    11
  Use: Scroll            |       |     8 |     4 ||    12
       Potion            |       |       |     2 ||     2
  Eat: Chunk             |     3 |     6 |     3 ||    12
Armor: Leather armour    |    10 |       |     2 ||    12
       Ring mail         |    59 |    65 |    41 ||   165
Dodge: Dodged            |    61 |    65 |    43 ||   169
